Penguins vs Blackhawks

Created - March 24, 2019 at 08:31

Goals
1 2 3 T
Penguins 0 0 2 2
Blackhawks 0 1 0 1
Shots
1 2 3 T
Penguins 12 5 11 28
Blackhawks 12 15 11 38

1st period

No Goal

Penalties :
Chris Kreider (Chi) for Roughing (Minor) at 6:07, Steven Stamkos (Pit) for High sticking (Minor) at 6:11, Carl Hagelin (Chi) for Tripping (Minor) at 14:54

2nd period

1. Blackhawks , Chris Kreider 26 (Tyler Johnson 31, Joni Pitkanen 18) at 6:48

Penalties :
Chris Kreider (Chi) for Hooking (Minor) at 0:40, Steven Stamkos (Pit) for Goalie Interference (Minor) at 10:47, Mike Green (Chi) for Hooking (Minor) at 17:44

3rd period

2. Penguins , Andrew Cogliano 25 (Steven Stamkos 64) at 2:58 (PP)
3. Penguins , Riley Sheahan 9 (Christian Ehrhoff 16, Marcus Foligno 10) at 13:58

Penalties :
Chris Kreider (Chi) for Hooking (Minor) at 0:19, Bobby Ryan (Chi) for Roughing (Minor) at 2:55, Keith Aulie (Pit) for Slashing (Minor) at 16:07

Goalie Stats

Sergei Bobrovsky (Pit), 37 saves from 38 shots - (0.974), W, 1-1-0, 60:00 minutes
Jimmy Howard (Chi), 26 saves from 28 shots - (0.929), L, 22-24-4, 58:45 minutes

Players Stats for Penguins

Player Name              G  A  P  +/- PIM S  H  SB GA TA FO     MP     PP MP  PK MP  
------------------------------------------------------------------------------------
Andrew Cogliano          1  0  1   0  0   4  1  1  1  0  0/4    22:45   4:14   2:15 
Cal Clutterbuck          0  0  0   0  0   0  0  0  0  0  0/0     9:46   0:00   0:17 
Christian Ehrhoff        0  1  1   1  0   2  0  0  0  0  0/0    11:00   0:00   0:58 
D.J King                 0  0  0   0  0   1  0  0  0  0  0/0    11:19   0:07   1:21 
Dustin Brown             0  0  0  -1  0   9  0  1  1  0  1/2    18:46   3:42   0:00 
Eric Gryba               0  0  0   0  0   0  0  1  1  0  0/0    19:54   2:42   1:48 
Keith Aulie              0  0  0  -1  2   1  0  0  0  1  0/0    29:06   5:21   1:16 
Logan Couture            0  0  0   0  0   0  0  0  0  0  6/9    11:48   0:00   1:42 
Marcus Foligno           0  1  1   1  0   0  2  0  0  0  0/2     6:44   0:00   0:00 
Martin St. Louis         0  0  0   1  0   2  0  0  1  1  0/1     6:54   0:07   0:00 
Mike Komisarek           0  0  0   0  0   1  2  4  2  2  0/0    19:24   2:42   1:37 
Patrick Marleau          0  0  0  -1  0   0  2  0  0  0  0/0    18:37   3:42   0:00 
Paul Ranger              0  0  0   1  0   1  0  0  0  0  0/0    10:02   0:00   0:00 
Riley Sheahan            1  0  1   1  0   2  0  0  1  0  3/5     6:50   0:00   0:06 
Ryan O'Reilly            0  0  0  -1  0   3  3  0  0  1  9/19   22:07   3:42   1:24 
Sean Zimmerman           0  0  0  -1  0   0  1  5  1  3  0/0    30:34   5:21   2:25 
Steven Stamkos           0  1  1   0  4   2  1  0  2  0  17/31  20:09   4:20   0:59 
T.J. Oshie               0  0  0   0  0   0  1  2  0  1  0/1    18:15   4:14   0:00 

Players Stats for Blackhawks

Player Name              G  A  P  +/- PIM S  H  SB GA TA FO     MP     PP MP  PK MP  
------------------------------------------------------------------------------------
Antoine Roussel          0  0  0  -1  0   8  3  0  1  2  4/5    21:45   2:06   2:18 
Bobby Ryan               0  0  0   1  2   1  0  0  0  0  1/2    15:51   2:00   2:18 
Cam Janssen              0  0  0   0  0   2  1  0  0  0  0/1    12:55   0:00   1:06 
Carl Hagelin             0  0  0   0  2   1  1  0  1  0  1/2     7:49   0:00   0:00 
Chris Kreider            1  0  1   1  6   3  0  0  1  0  0/1    14:36   2:00   0:50 
Dalton Prout             0  0  0   0  0   0  1  1  0  0  0/0    11:41   0:00   1:51 
Daniel Cleary            0  0  0   0  0   2  1  2  0  0  0/0     6:47   0:00   0:00 
Denis Grebeshkov         0  0  0   0  0   3  0  1  1  1  0/0    20:01   1:13   2:28 
Derick Brassard          0  0  0  -1  0   2  0  1  1  1  14/29  23:51   2:02   4:32 
Joni Pitkanen            0  1  1   0  0   1  4  4  1  3  0/0    29:36   2:49   5:02 
Kevin Marshall           0  0  0   0  0   0  0  0  1  1  0/0    10:39   0:00   0:49 
Lasse Kukkonen           0  0  0   0  0   2  0  2  0  1  0/0    19:45   1:13   2:12 
Mike Green               0  0  0   0  2   6  3  1  0  0  0/0    28:20   2:49   3:44 
Peter Regin              0  0  0   0  0   3  0  0  0  0  3/8    12:00   0:00   0:00 
Rick Nash                0  0  0  -1  0   0  3  1  1  0  6/11   23:52   2:02   4:33 
Tomas Fleischmann        0  0  0   0  0   2  0  2  1  0  0/1    10:58   0:00   0:20 
Tyler Johnson            0  1  1   1  0   1  0  0  0  1  9/12   12:43   1:56   0:09 
Zac Rinaldo              0  0  0   0  0   1  2  0  0  0  0/2     6:47   0:00   0:00 

3 Stars

1 - Sergei Bobrovsky (Pit)
2 - Riley Sheahan (Pit)
3 - Andrew Cogliano (Pit)

Power Play

Penguins - 1 on 6 Attempt(s) - 16.67%
Blackhawks - 0 on 3 Attempt(s) - 0.00%

Penalty Kill

Penguins - 3 on 3 Attempt(s) - 100.00% - Score 0 goal in Penalty Kill
Blackhawks - 5 on 6 Attempt(s) - 83.33% - Score 0 goal in Penalty Kill

Team Stat

Penguins - Hits : 13 - Faceoff Wins : 36 - Blocked Shots : 14 - Penalty Minutes : 6
Blackhawks - Hits : 19 - Faceoff Wins : 38 - Blocked Shots : 15 - Penalty Minutes : 12

Official

Referees : Unknown
Linesman : Unknown

Game Notes

Tomas Fleischmann is injured at 12:58 of 3rd period (Sprained Left Ankle)

Finance

Level 1 -- Attendance: 4732 (78.87%) -- Ticket Income $463,736
Level 2 -- Attendance: 3349 (66.98%) -- Ticket Income $210,987
Level 3 -- Attendance: 1294 (64.70%) -- Ticket Income $54,348
Level 4 -- Attendance: 2516 (62.90%) -- Ticket Income $77,996
Luxury Box -- Attendance: 693 (69.30%) -- Ticket Income $123,354
Game was played at the Rexall Place.
Total Attendance: 12584 (69.91%)
Total Ticket Income: $930,421
Other Income: $139,563
Total Income: $1,069,984

Penguins

5 vs 5 Forward 
   Center                   Left Wing                Right Wing               Time % Phy DF OF 
 1 Steven Stamkos           Andrew Cogliano          T.J. Oshie               40     1   1  3  
 2 Ryan O'Reilly            Patrick Marleau          Dustin Brown             30     1   1  3  
 3 Logan Couture            D.J King                 Cal Clutterbuck          20     1   3  1  
 4 Riley Sheahan            Marcus Foligno           Martin St. Louis         10     1   1  3  

5 vs 5 Defense 
   Defense                  Defense                                           Time % Phy DF OF 
 1 Keith Aulie              Sean Zimmerman                                    44     1   2  2  
 2 Eric Gryba               Mike Komisarek                                    33     1   2  2  
 3 Paul Ranger              Christian Ehrhoff                                 23     1   2  2  
 4 Keith Aulie              Sean Zimmerman                                    0      1   2  2  

PowerPlay Forward 
   Center                   Left Wing                Right Wing               Time % Phy DF OF 
 1 Steven Stamkos           Andrew Cogliano          T.J. Oshie               60     0   1  4  
 2 Ryan O'Reilly            Patrick Marleau          Dustin Brown             40     0   1  4  

PowerPlay Defense
   Defense                  Defense                                           Time % Phy DF OF 
 1 Keith Aulie              Sean Zimmerman                                    60     1   1  3  
 2 Eric Gryba               Mike Komisarek                                    40     1   1  3  

Penalty Kill 4 Players Forward 
   Center                   Wing                     Time % Phy DF OF 
 1 Steven Stamkos           Andrew Cogliano          60     1   3  1  
 2 Logan Couture            Cal Clutterbuck          40     1   3  1  

Penalty Kill 4 Players Defense
   Defense                  Defense                  Time % Phy DF OF 
 1 Keith Aulie              Sean Zimmerman           60     1   4  0  
 2 Eric Gryba               Mike Komisarek           40     1   4  0  

Penalty Kill - 3 Players Forward 
   Forward                                           Time % Phy DF OF 
 1 Steven Stamkos                                    60     1   3  1  
 2 Logan Couture                                     40     1   3  1  

Penalty Kill - 3 Players Defense
   Defense                  Defense                  Time % Phy DF OF 
 1 Keith Aulie              Sean Zimmerman           60     1   4  0  
 2 Eric Gryba               Mike Komisarek           40     1   4  0  

4 vs 4 Forward 
   Center                   Wing                     Time % Phy DF OF 
 1 Steven Stamkos           Andrew Cogliano          60     1   1  3  
 2 Ryan O'Reilly            Dustin Brown             40     1   1  3  

4 vs 4 Defense
   Defense                  Defense                  Time % Phy DF OF 
 1 Keith Aulie              Sean Zimmerman           60     1   2  2  
 2 Eric Gryba               Mike Komisarek           40     1   2  2  

Last Minutes Offensive
   Center                   Left Wing                Right Wing               Defense                  Defense                  
   Steven Stamkos           Andrew Cogliano          Martin St. Louis         Keith Aulie              Sean Zimmerman           

Last Minutes Defensive
   Center                   Left Wing                Right Wing               Defense                  Defense                  
   Logan Couture            Andrew Cogliano          Cal Clutterbuck          Keith Aulie              Sean Zimmerman           

Goaltenders
Starting : Sergei Bobrovsky         
Backup : Jacob Markstrom          

Extra Forwards
Normal : Steven Stamkos, Ryan O'Reilly, Logan Couture - PP : Steven Stamkos, Ryan O'Reilly - PK : Logan Couture
Extra Defensemen
Normal : Sean Zimmerman, Eric Gryba, Christian Ehrhoff - PP : Keith Aulie - PK : Sean Zimmerman, Eric Gryba
Penalty Shots
Steven Stamkos, Ryan O'Reilly, Andrew Cogliano, Logan Couture, Dustin Brown

Scratches
David Booth (Suspend), Riley Armstrong (Healthy), Josh Tordjman (Healthy)

Blackhawks

5 vs 5 Forward 
   Center                   Left Wing                Right Wing               Time % Phy DF OF 
 1 Derick Brassard          Antoine Roussel          Rick Nash                40     1   2  2  
 2 Tyler Johnson            Chris Kreider            Bobby Ryan               30     1   2  2  
 3 Peter Regin              Tomas Fleischmann        Cam Janssen              20     1   2  2  
 4 Zac Rinaldo              Carl Hagelin             Daniel Cleary            10     1   2  2  

5 vs 5 Defense 
   Defense                  Defense                                           Time % Phy DF OF 
 1 Mike Green               Joni Pitkanen                                     40     1   2  2  
 2 Denis Grebeshkov         Lasse Kukkonen                                    30     1   2  2  
 3 Kevin Marshall           Dalton Prout                                      20     1   2  2  
 4 Mike Green               Joni Pitkanen                                     10     1   2  2  

PowerPlay Forward 
   Center                   Left Wing                Right Wing               Time % Phy DF OF 
 1 Derick Brassard          Antoine Roussel          Rick Nash                60     1   2  2  
 2 Tyler Johnson            Chris Kreider            Bobby Ryan               40     1   2  2  

PowerPlay Defense
   Defense                  Defense                                           Time % Phy DF OF 
 1 Mike Green               Joni Pitkanen                                     60     1   2  2  
 2 Denis Grebeshkov         Lasse Kukkonen                                    40     1   2  2  

Penalty Kill 4 Players Forward 
   Center                   Wing                     Time % Phy DF OF 
 1 Rick Nash                Derick Brassard          60     1   2  2  
 2 Antoine Roussel          Bobby Ryan               40     1   2  2  

Penalty Kill 4 Players Defense
   Defense                  Defense                  Time % Phy DF OF 
 1 Mike Green               Joni Pitkanen            60     1   2  2  
 2 Denis Grebeshkov         Lasse Kukkonen           40     1   2  2  

Penalty Kill - 3 Players Forward 
   Forward                                           Time % Phy DF OF 
 1 Rick Nash                                         60     1   2  2  
 2 Derick Brassard                                   40     1   2  2  

Penalty Kill - 3 Players Defense
   Defense                  Defense                  Time % Phy DF OF 
 1 Mike Green               Joni Pitkanen            60     1   2  2  
 2 Denis Grebeshkov         Lasse Kukkonen           40     1   2  2  

4 vs 4 Forward 
   Center                   Wing                     Time % Phy DF OF 
 1 Rick Nash                Derick Brassard          60     1   2  2  
 2 Antoine Roussel          Bobby Ryan               40     1   2  2  

4 vs 4 Defense
   Defense                  Defense                  Time % Phy DF OF 
 1 Mike Green               Joni Pitkanen            60     1   2  2  
 2 Denis Grebeshkov         Lasse Kukkonen           40     1   2  2  

Last Minutes Offensive
   Center                   Left Wing                Right Wing               Defense                  Defense                  
   Derick Brassard          Antoine Roussel          Rick Nash                Mike Green               Joni Pitkanen            

Last Minutes Defensive
   Center                   Left Wing                Right Wing               Defense                  Defense                  
   Derick Brassard          Antoine Roussel          Rick Nash                Mike Green               Joni Pitkanen            

Goaltenders
Starting : Jimmy Howard             
Backup : Al Montoya               

Extra Forwards
Normal : Peter Regin, Tomas Fleischmann, Cam Janssen - PP : Peter Regin, Tomas Fleischmann - PK : Cam Janssen
Extra Defensemen
Normal : Kevin Marshall, Dalton Prout, Denis Grebeshkov - PP : Kevin Marshall - PK : Dalton Prout, Denis Grebeshkov
Penalty Shots
Rick Nash, Derick Brassard, Antoine Roussel, Bobby Ryan, Tyler Johnson

Scratches
Mason Raymond (Sprained Left Knee Injury)

% Time on Ice - Penguins

Lines # - Real PCT - Wanted PCT - Time Play
Normal Forward
1 - 33% - 40% - 14:52
2 - 33% - 30% - 14:55
3 - 19% - 20% - 8:18
4 - 15% - 10% - 6:44
Normal Defense
1 - 46% - 44% - 20:33
2 - 32% - 33% - 14:21
3 - 22% - 23% - 9:55
4 - 0% - 0% - 0:00
PP Forward
1 - 54% - 60% - 4:21
2 - 46% - 40% - 3:42
PP Defense
1 - 66% - 60% - 5:21
2 - 34% - 40% - 2:42
PK Forward
1 - 93% - 60% - 3:45
2 - 7% - 40% - 0:17
PK Defense
1 - 67% - 60% - 2:42
2 - 33% - 40% - 1:20
PK3 Forward
1 - 0% - 60%
2 - 0% - 40%
PK3 Defense
1 - 0% - 60%
2 - 0% - 40%
44 Forward
1 - 92% - 60% - 1:46
2 - 8% - 40% - 0:09
44 Defense
1 - 62% - 60% - 1:11
2 - 38% - 40% - 0:44
Last Minute Offensive  - 0:00
Last Minute Defensive  - 1:11
Total
Forward - 60:00
Defense - 60:00

% Time on Ice - Blackhawks

Lines # - Real PCT - Wanted PCT - Time Play
Normal Forward
1 - 34% - 40% - 15:25
2 - 24% - 30% - 10:58
3 - 26% - 20% - 11:46
4 - 15% - 10% - 6:47
Normal Defense
1 - 40% - 40% - 18:07
2 - 34% - 30% - 15:18
3 - 22% - 20% - 9:50
4 - 4% - 10% - 1:41
PP Forward
1 - 50% - 60% - 2:02
2 - 50% - 40% - 2:00
PP Defense
1 - 70% - 60% - 2:49
2 - 30% - 40% - 1:13
PK Forward
1 - 71% - 60% - 5:45
2 - 29% - 40% - 2:18
PK Defense
1 - 67% - 60% - 5:23
2 - 33% - 40% - 2:40
PK3 Forward
1 - 0% - 60%
2 - 0% - 40%
PK3 Defense
1 - 0% - 60%
2 - 0% - 40%
44 Forward
1 - 69% - 60% - 1:19
2 - 31% - 40% - 0:36
44 Defense
1 - 60% - 60% - 1:09
2 - 40% - 40% - 0:46
Last Minute Offensive  - 1:04
Last Minute Defensive  - 0:00
Total
Forward - 60:00
Defense - 60:00

Play-by-Play

1st period


0:01 of 1st period - Derick Brassard wins face-off versus Steven Stamkos in neutral zone.
0:12 of 1st period - Snap shot by Antoine Roussel.
0:12 of 1st period - Stopped by Sergei Bobrovsky without a rebound.
0:13 of 1st period - Tyler Johnson wins face-off versus Ryan O'Reilly in Penguins zone.
1:00 of 1st period - Wrist shot by Dustin Brown.
1:00 of 1st period - Stopped by Jimmy Howard without a rebound.
1:01 of 1st period - Peter Regin wins face-off versus Logan Couture in Blackhawks zone.
1:26 of 1st period - Dalton Prout is hit by Steven Stamkos.
1:29 of 1st period - Off-side.
1:30 of 1st period - Derick Brassard wins face-off versus Steven Stamkos in neutral zone.
1:43 of 1st period - Wrist shot by Andrew Cogliano.
1:43 of 1st period - Stopped by Jimmy Howard without a rebound.
1:44 of 1st period - Riley Sheahan wins face-off versus Zac Rinaldo in Blackhawks zone.
1:44 of 1st period - Riley Sheahan is hit by Joni Pitkanen.
2:00 of 1st period - Riley Sheahan is hit by Mike Green and loses puck.
3:11 of 1st period - Sean Zimmerman is hit by Daniel Cleary and loses puck.
3:18 of 1st period - Slapshot by Paul Ranger.
3:18 of 1st period - Stopped by Jimmy Howard with a rebound.
3:20 of 1st period - Wrist shot by Riley Sheahan.
3:20 of 1st period - Stopped by Jimmy Howard with a rebound.
3:22 of 1st period - Wrist shot by Riley Sheahan.
3:22 of 1st period - Shot Blocked by Daniel Cleary.
3:44 of 1st period - Wrist shot by Rick Nash.
3:44 of 1st period - Shot Blocked by T.J. Oshie.
4:12 of 1st period - D.J King is hit by Cam Janssen and loses puck.
4:22 of 1st period - Slapshot by Mike Green.
4:22 of 1st period - Stopped by Sergei Bobrovsky with a rebound.
4:24 of 1st period - Snap shot by Cam Janssen.
4:24 of 1st period - Shot Misses the Net.
4:26 of 1st period - Snap shot by Joni Pitkanen.
4:26 of 1st period - Deflect By Peter Regin.
4:26 of 1st period - Shot Misses the Net.
4:26 of 1st period - Puck is out of play.
4:27 of 1st period - Derick Brassard wins face-off versus Steven Stamkos in Penguins zone.
4:42 of 1st period - Snap shot by Steven Stamkos.
4:42 of 1st period - Shot Blocked by Dalton Prout.
5:47 of 1st period - Wrist shot by Antoine Roussel.
5:47 of 1st period - Stopped by Sergei Bobrovsky without a rebound.
5:48 of 1st period - Steven Stamkos wins face-off versus Derick Brassard in Penguins zone.
5:59 of 1st period - Snap shot by Andrew Cogliano.
5:59 of 1st period - Shot Misses the Net.
6:01 of 1st period - Snap shot by Christian Ehrhoff.
6:01 of 1st period - Stopped by Jimmy Howard with a rebound.
6:03 of 1st period - Snap shot by T.J. Oshie.
6:03 of 1st period - Deflect By Steven Stamkos.
6:03 of 1st period - Shot Blocked by Mike Green.
6:03 of 1st period - Puck is out of play.
6:04 of 1st period - Bobby Ryan wins face-off versus Ryan O'Reilly in Blackhawks zone.
6:04 of 1st period - Bobby Ryan is hit by Ryan O'Reilly.
6:07 of 1st period - Minor Penalty to Chris Kreider for Roughing.
6:08 of 1st period - Steven Stamkos wins face-off versus Rick Nash in Blackhawks zone.
6:11 of 1st period - Minor Penalty to Steven Stamkos for High sticking.
6:12 of 1st period - Ryan O'Reilly wins face-off versus Rick Nash in Penguins zone.
6:16 of 1st period - Slapshot by Keith Aulie.
6:16 of 1st period - Shot Misses the Net.
6:18 of 1st period - Slapshot by Sean Zimmerman.
6:18 of 1st period - Shot Blocked by Joni Pitkanen.
6:20 of 1st period - Snap shot by Sean Zimmerman.
6:20 of 1st period - Shot Misses the Net.
6:43 of 1st period - Icing by Rick Nash.
6:44 of 1st period - Rick Nash wins face-off versus Andrew Cogliano in Blackhawks zone.
6:44 of 1st period - Rick Nash is hit by Ryan O'Reilly.
7:20 of 1st period - Lasse Kukkonen is hit by Mike Komisarek.
7:24 of 1st period - Slapshot by Logan Couture.
7:24 of 1st period - Shot Misses the Net.
7:58 of 1st period - Slapshot by Joni Pitkanen.
7:58 of 1st period - Stopped by Sergei Bobrovsky without a rebound.
7:59 of 1st period - Antoine Roussel wins face-off versus Ryan O'Reilly in Penguins zone.
8:02 of 1st period - Slapshot by Bobby Ryan.
8:02 of 1st period - Shot Misses the Net.
8:04 of 1st period - Slapshot by Mike Green.
8:04 of 1st period - Stopped by Sergei Bobrovsky with a rebound.
8:07 of 1st period - Penalty to Chris Kreider is over, Chris Kreider is back on ice.
8:11 of 1st period - Penalty to Steven Stamkos is over, Steven Stamkos is back on ice.
8:32 of 1st period - Snap shot by Ryan O'Reilly.
8:32 of 1st period - Shot Hit the Post.
8:42 of 1st period - Wrist shot by Antoine Roussel.
8:42 of 1st period - Stopped by Sergei Bobrovsky without a rebound.
8:43 of 1st period - Peter Regin wins face-off versus Marcus Foligno in Penguins zone.
8:59 of 1st period - Icing by Riley Sheahan.
9:00 of 1st period - Derick Brassard wins face-off versus Martin St. Louis in Penguins zone.
9:11 of 1st period - Snap shot by Mike Komisarek.
9:11 of 1st period - Shot Blocked by Derick Brassard.
9:13 of 1st period - Wrist shot by Martin St. Louis.
9:13 of 1st period - Stopped by Jimmy Howard without a rebound.
9:14 of 1st period - Tyler Johnson wins face-off versus Andrew Cogliano in Blackhawks zone.
9:21 of 1st period - Snap shot by Steven Stamkos.
9:21 of 1st period - Stopped by Jimmy Howard without a rebound.
9:22 of 1st period - Tyler Johnson wins face-off versus Steven Stamkos in Blackhawks zone.
9:33 of 1st period - Snap shot by Bobby Ryan.
9:33 of 1st period - Shot Blocked by T.J. Oshie.
9:40 of 1st period - Off-side.
9:41 of 1st period - Ryan O'Reilly wins face-off versus Derick Brassard in neutral zone.
10:31 of 1st period - Wrist shot by Logan Couture.
10:31 of 1st period - Shot Misses the Net.
10:53 of 1st period - Snap shot by Bobby Ryan.
10:53 of 1st period - Stopped by Sergei Bobrovsky without a rebound.
10:54 of 1st period - Derick Brassard wins face-off versus Marcus Foligno in Penguins zone.
11:20 of 1st period - Tyler Johnson is hit by Patrick Marleau and loses puck.
11:33 of 1st period - Snap shot by Ryan O'Reilly.
11:33 of 1st period - Stopped by Jimmy Howard with a rebound.
11:43 of 1st period - Wrist shot by Logan Couture.
11:43 of 1st period - Shot Misses the Net.
11:45 of 1st period - Slapshot by Sean Zimmerman.
11:45 of 1st period - Shot Misses the Net.
11:47 of 1st period - Slapshot by Eric Gryba.
11:47 of 1st period - Shot Misses the Net.
11:49 of 1st period - Snap shot by D.J King.
11:49 of 1st period - Stopped by Jimmy Howard with a rebound.
11:51 of 1st period - Wrist shot by Cal Clutterbuck.
11:51 of 1st period - Shot Blocked by Lasse Kukkonen.
12:07 of 1st period - Snap shot by Chris Kreider.
12:07 of 1st period - Shot Blocked by Mike Komisarek.
12:40 of 1st period - Icing by Denis Grebeshkov.
12:41 of 1st period - Riley Sheahan wins face-off versus Peter Regin in Blackhawks zone.
13:34 of 1st period - Slapshot by Denis Grebeshkov.
13:34 of 1st period - Stopped by Sergei Bobrovsky with a rebound.
14:00 of 1st period - Snap shot by Peter Regin.
14:00 of 1st period - Shot Misses the Net.
14:02 of 1st period - Wrist shot by Peter Regin.
14:02 of 1st period - Stopped by Sergei Bobrovsky without a rebound.
14:03 of 1st period - Steven Stamkos wins face-off versus Derick Brassard in Penguins zone.
14:24 of 1st period - T.J. Oshie is hit by Antoine Roussel and loses puck.
14:54 of 1st period - Minor Penalty to Carl Hagelin for Tripping.
14:55 of 1st period - Steven Stamkos wins face-off versus Rick Nash in Blackhawks zone.
15:31 of 1st period - Wrist shot by Dustin Brown.
15:31 of 1st period - Stopped by Jimmy Howard with a rebound.
16:54 of 1st period - Penalty to Carl Hagelin is over, Carl Hagelin is back on ice.
17:07 of 1st period - Wrist shot by Martin St. Louis.
17:07 of 1st period - Stopped by Jimmy Howard without a rebound.
17:08 of 1st period - Riley Sheahan wins face-off versus Zac Rinaldo in Blackhawks zone.
17:15 of 1st period - Riley Sheahan is hit by Zac Rinaldo and loses puck.
17:24 of 1st period - Snap shot by Daniel Cleary.
17:24 of 1st period - Stopped by Sergei Bobrovsky with a rebound.
17:42 of 1st period - Wrist shot by Cal Clutterbuck.
17:42 of 1st period - Shot Misses the Net.
17:44 of 1st period - Snap shot by D.J King.
17:44 of 1st period - Shot Misses the Net.
17:46 of 1st period - Wrist shot by D.J King.
17:46 of 1st period - Shot Misses the Net.
18:22 of 1st period - Keith Aulie is hit by Zac Rinaldo and loses puck.
19:02 of 1st period - Kevin Marshall is hit by Ryan O'Reilly and loses puck.
19:07 of 1st period - Snap shot by Ryan O'Reilly.
19:07 of 1st period - Stopped by Jimmy Howard with a rebound.
19:29 of 1st period - Slapshot by Derick Brassard.
19:29 of 1st period - Deflect By Antoine Roussel.
19:29 of 1st period - Shot Hit the Post.
19:29 of 1st period - Puck is out of play.
19:30 of 1st period - Derick Brassard wins face-off versus Andrew Cogliano in Penguins zone.
19:35 of 1st period - Snap shot by Derick Brassard.
19:35 of 1st period - Stopped by Sergei Bobrovsky with a rebound.
19:37 of 1st period - Slapshot by Antoine Roussel.
19:37 of 1st period - Stopped by Sergei Bobrovsky without a rebound.
19:38 of 1st period - Antoine Roussel wins face-off versus Steven Stamkos in Penguins zone.
Goals for this period are 0 for Penguins vs 0 for Blackhawks.
Shots for this period are 12 for Penguins vs 12 for Blackhawks.

2nd period


0:01 of 2nd period - Derick Brassard wins face-off versus Steven Stamkos in neutral zone.
0:08 of 2nd period - Andrew Cogliano is hit by Rick Nash and loses puck.
0:29 of 2nd period - Wrist shot by Andrew Cogliano.
0:29 of 2nd period - Stopped by Jimmy Howard with a rebound.
0:31 of 2nd period - Slapshot by Keith Aulie.
0:31 of 2nd period - Deflect By Dustin Brown.
0:31 of 2nd period - Shot Blocked by Joni Pitkanen.
0:31 of 2nd period - Puck is out of play.
0:32 of 2nd period - Tyler Johnson wins face-off versus Ryan O'Reilly in Blackhawks zone.
0:40 of 2nd period - Minor Penalty to Chris Kreider for Hooking.
0:41 of 2nd period - Rick Nash wins face-off versus Andrew Cogliano in Blackhawks zone.
1:55 of 2nd period - Slapshot by Denis Grebeshkov.
1:55 of 2nd period - Stopped by Sergei Bobrovsky with a rebound.
1:57 of 2nd period - Slapshot by Denis Grebeshkov.
1:57 of 2nd period - Deflect By Patrick Marleau.
1:57 of 2nd period - Stopped by Sergei Bobrovsky with a rebound.
1:59 of 2nd period - Snap shot by Lasse Kukkonen.
1:59 of 2nd period - Stopped by Sergei Bobrovsky without a rebound.
2:00 of 2nd period - Ryan O'Reilly wins face-off versus Cam Janssen in Penguins zone.
2:13 of 2nd period - Icing by Dustin Brown.
2:14 of 2nd period - Rick Nash wins face-off versus Dustin Brown in Penguins zone.
2:17 of 2nd period - Wrist shot by Derick Brassard.
2:17 of 2nd period - Deflect By Rick Nash.
2:17 of 2nd period - Shot Blocked by Sean Zimmerman.
2:17 of 2nd period - Puck is out of play.
2:18 of 2nd period - Rick Nash wins face-off versus Steven Stamkos in Penguins zone.
2:32 of 2nd period - Snap shot by Rick Nash.
2:32 of 2nd period - Shot Misses the Net.
2:34 of 2nd period - Wrist shot by Joni Pitkanen.
2:34 of 2nd period - Shot Blocked by Sean Zimmerman.
2:36 of 2nd period - Snap shot by Mike Green.
2:36 of 2nd period - Shot Misses the Net.
2:38 of 2nd period - Slapshot by Joni Pitkanen.
2:38 of 2nd period - Shot Blocked by Andrew Cogliano.
2:40 of 2nd period - Penalty to Chris Kreider is over, Chris Kreider is back on ice.
2:40 of 2nd period - Slapshot by Mike Green.
2:40 of 2nd period - Stopped by Sergei Bobrovsky without a rebound.
2:41 of 2nd period - Tyler Johnson wins face-off versus Ryan O'Reilly in Penguins zone.
2:44 of 2nd period - Wrist shot by Chris Kreider.
2:44 of 2nd period - Stopped by Sergei Bobrovsky with a rebound.
2:54 of 2nd period - Snap shot by Dustin Brown.
2:54 of 2nd period - Stopped by Jimmy Howard without a rebound.
2:55 of 2nd period - Steven Stamkos wins face-off versus Derick Brassard in Blackhawks zone.
3:08 of 2nd period - Keith Aulie is hit by Joni Pitkanen and loses puck.
3:21 of 2nd period - Keith Aulie is hit by Carl Hagelin and loses puck.
3:48 of 2nd period - Wrist shot by Tomas Fleischmann.
3:48 of 2nd period - Stopped by Sergei Bobrovsky with a rebound.
3:50 of 2nd period - Slapshot by Lasse Kukkonen.
3:50 of 2nd period - Stopped by Sergei Bobrovsky with a rebound.
4:08 of 2nd period - Wrist shot by Logan Couture.
4:08 of 2nd period - Shot Misses the Net.
4:53 of 2nd period - Wrist shot by Martin St. Louis.
4:53 of 2nd period - Deflect By Mike Green.
4:53 of 2nd period - Shot Blocked by Joni Pitkanen.
4:53 of 2nd period - Puck is out of play.
4:54 of 2nd period - Tyler Johnson wins face-off versus Riley Sheahan in Blackhawks zone.
4:54 of 2nd period - Tyler Johnson is hit by Mike Komisarek.
5:43 of 2nd period - Slapshot by Mike Green.
5:43 of 2nd period - Deflect By Daniel Cleary.
5:43 of 2nd period - Deflect By Christian Ehrhoff.
5:43 of 2nd period - Shot Misses the Net.
5:43 of 2nd period - Puck is out of play.
5:44 of 2nd period - Carl Hagelin wins face-off versus Logan Couture in Penguins zone.
6:11 of 2nd period - Snap shot by Chris Kreider.
6:11 of 2nd period - Stopped by Sergei Bobrovsky with a rebound.
6:13 of 2nd period - Wrist shot by Bobby Ryan.
6:13 of 2nd period - Shot Misses the Net.
6:15 of 2nd period - Slapshot by Mike Green.
6:15 of 2nd period - Shot Blocked by Mike Komisarek.
6:17 of 2nd period - Slapshot by Tyler Johnson.
6:17 of 2nd period - Shot Misses the Net.
6:19 of 2nd period - Snap shot by Bobby Ryan.
6:19 of 2nd period - Shot Misses the Net.
6:21 of 2nd period - Slapshot by Mike Green.
6:21 of 2nd period - Deflect By D.J King.
6:21 of 2nd period - Stopped by Sergei Bobrovsky without a rebound.
6:22 of 2nd period - Derick Brassard wins face-off versus Steven Stamkos in Penguins zone.
6:40 of 2nd period - Off-side.
6:41 of 2nd period - Tyler Johnson wins face-off versus Ryan O'Reilly in neutral zone.
6:46 of 2nd period - Snap shot by Tyler Johnson.
6:46 of 2nd period - Shot Misses the Net.
6:48 of 2nd period - Snap shot by Chris Kreider.
6:48 of 2nd period - Goal by Chris Kreider - Penguins : 0 - Blackhawks : 1.
6:49 of 2nd period - Antoine Roussel wins face-off versus Steven Stamkos in neutral zone.
7:20 of 2nd period - Slapshot by Mike Komisarek.
7:20 of 2nd period - Stopped by Jimmy Howard without a rebound.
7:21 of 2nd period - Peter Regin wins face-off versus Ryan O'Reilly in Blackhawks zone.
7:42 of 2nd period - Snap shot by Tomas Fleischmann.
7:42 of 2nd period - Shot Blocked by Mike Komisarek.
7:44 of 2nd period - Slapshot by Cam Janssen.
7:44 of 2nd period - Stopped by Sergei Bobrovsky with a rebound.
7:46 of 2nd period - Backhand shot by Peter Regin.
7:46 of 2nd period - Stopped by Sergei Bobrovsky with a rebound.
7:48 of 2nd period - Slapshot by Tomas Fleischmann.
7:48 of 2nd period - Deflect By Peter Regin.
7:48 of 2nd period - Stopped by Sergei Bobrovsky with a rebound.
8:00 of 2nd period - Slapshot by Dustin Brown.
8:00 of 2nd period - Shot Misses the Net.
8:56 of 2nd period - Wrist shot by Peter Regin.
8:56 of 2nd period - Shot Blocked by Sean Zimmerman.
9:25 of 2nd period - Mike Green is hit by Patrick Marleau and loses puck.
9:32 of 2nd period - Snap shot by Dustin Brown.
9:32 of 2nd period - Deflect By Patrick Marleau.
9:32 of 2nd period - Shot Misses the Net.
9:32 of 2nd period - Puck is out of play.
9:33 of 2nd period - Steven Stamkos wins face-off versus Derick Brassard in Blackhawks zone.
10:07 of 2nd period - Slapshot by D.J King.
10:07 of 2nd period - Shot Blocked by Denis Grebeshkov.
10:09 of 2nd period - Snap shot by Logan Couture.
10:09 of 2nd period - Shot Misses the Net.
10:28 of 2nd period - Off-side.
10:29 of 2nd period - Rick Nash wins face-off versus Steven Stamkos in neutral zone.
10:31 of 2nd period - Off-side.
10:32 of 2nd period - Steven Stamkos wins face-off versus Antoine Roussel in neutral zone.
10:47 of 2nd period - Minor Penalty to Steven Stamkos for Goalie Interference.
10:48 of 2nd period - Logan Couture wins face-off versus Derick Brassard in Penguins zone.
10:48 of 2nd period - Logan Couture is hit by Joni Pitkanen.
11:08 of 2nd period - Sean Zimmerman is hit by Joni Pitkanen and loses puck.
12:05 of 2nd period - Wrist shot by Tyler Johnson.
12:05 of 2nd period - Stopped by Sergei Bobrovsky without a rebound.
12:06 of 2nd period - Logan Couture wins face-off versus Derick Brassard in Penguins zone.
12:11 of 2nd period - Keith Aulie is hit by Antoine Roussel and loses puck.
12:20 of 2nd period - Snap shot by Antoine Roussel.
12:20 of 2nd period - Stopped by Sergei Bobrovsky without a rebound.
12:21 of 2nd period - Logan Couture wins face-off versus Derick Brassard in Penguins zone.
12:47 of 2nd period - Penalty to Steven Stamkos is over, Steven Stamkos is back on ice.
13:32 of 2nd period - Snap shot by Derick Brassard.
13:32 of 2nd period - Shot Blocked by Eric Gryba.
13:45 of 2nd period - Eric Gryba is hit by Mike Green.
14:34 of 2nd period - Slapshot by Martin St. Louis.
14:34 of 2nd period - Shot Blocked by Lasse Kukkonen.
14:44 of 2nd period - Steven Stamkos is hit by Antoine Roussel and loses puck.
16:04 of 2nd period - Wrist shot by Dustin Brown.
16:04 of 2nd period - Stopped by Jimmy Howard with a rebound.
16:06 of 2nd period - Wrist shot by Dustin Brown.
16:06 of 2nd period - Stopped by Jimmy Howard without a rebound.
16:07 of 2nd period - Derick Brassard wins face-off versus Ryan O'Reilly in Blackhawks zone.
16:30 of 2nd period - Chris Kreider is hit by T.J. Oshie and loses puck.
17:19 of 2nd period - Off-side.
17:20 of 2nd period - Steven Stamkos wins face-off versus Derick Brassard in neutral zone.
17:20 of 2nd period - Keith Aulie is hit by Rick Nash and loses puck.
17:44 of 2nd period - Minor Penalty to Mike Green for Hooking.
17:45 of 2nd period - Steven Stamkos wins face-off versus Rick Nash in Blackhawks zone.
19:44 of 2nd period - Penalty to Mike Green is over, Mike Green is back on ice.
Goals for this period are 0 for Penguins vs 1 for Blackhawks.
Shots for this period are 5 for Penguins vs 15 for Blackhawks.

3rd period


0:01 of 3rd period - Derick Brassard wins face-off versus T.J. Oshie in neutral zone.
0:14 of 3rd period - Slapshot by Steven Stamkos.
0:14 of 3rd period - Stopped by Jimmy Howard without a rebound.
0:15 of 3rd period - Steven Stamkos wins face-off versus Bobby Ryan in Blackhawks zone.
0:19 of 3rd period - Minor Penalty to Chris Kreider for Hooking.
0:20 of 3rd period - Steven Stamkos wins face-off versus Derick Brassard in Blackhawks zone.
1:05 of 3rd period - Off-side.
1:06 of 3rd period - Rick Nash wins face-off versus Steven Stamkos in neutral zone.
2:19 of 3rd period - Penalty to Chris Kreider is over, Chris Kreider is back on ice.
2:50 of 3rd period - Wrist shot by Riley Sheahan.
2:50 of 3rd period - Shot Misses the Net.
2:52 of 3rd period - Snap shot by Marcus Foligno.
2:52 of 3rd period - Deflect By Dalton Prout.
2:52 of 3rd period - Shot Blocked by Daniel Cleary.
2:52 of 3rd period - Puck is out of play.
2:53 of 3rd period - Tyler Johnson wins face-off versus Riley Sheahan in Blackhawks zone.
2:55 of 3rd period - Minor Penalty to Bobby Ryan for Roughing.
2:56 of 3rd period - Steven Stamkos wins face-off versus Rick Nash in Blackhawks zone.
2:58 of 3rd period - Wrist shot by Andrew Cogliano.
2:58 of 3rd period - Goal by Andrew Cogliano - Penguins : 1 - Blackhawks : 1.
2:59 of 3rd period - Steven Stamkos wins face-off versus Derick Brassard in neutral zone.
4:53 of 3rd period - Slapshot by Peter Regin.
4:53 of 3rd period - Deflect By Tomas Fleischmann.
4:53 of 3rd period - Shot Blocked by Dustin Brown.
4:53 of 3rd period - Puck is out of play.
4:54 of 3rd period - Dustin Brown wins face-off versus Peter Regin in Penguins zone.
5:07 of 3rd period - Slapshot by Mike Green.
5:07 of 3rd period - Stopped by Sergei Bobrovsky with a rebound.
5:41 of 3rd period - Bobby Ryan is hit by Andrew Cogliano and loses puck.
6:22 of 3rd period - Denis Grebeshkov is hit by Marcus Foligno and loses puck.
6:41 of 3rd period - Snap shot by Rick Nash.
6:41 of 3rd period - Shot Blocked by Mike Komisarek.
6:43 of 3rd period - Wrist shot by Kevin Marshall.
6:43 of 3rd period - Shot Misses the Net.
6:45 of 3rd period - Snap shot by Derick Brassard.
6:45 of 3rd period - Stopped by Sergei Bobrovsky without a rebound.
6:46 of 3rd period - Ryan O'Reilly wins face-off versus Derick Brassard in Penguins zone.
6:53 of 3rd period - Snap shot by Antoine Roussel.
6:53 of 3rd period - Stopped by Sergei Bobrovsky without a rebound.
6:54 of 3rd period - Derick Brassard wins face-off versus Ryan O'Reilly in Penguins zone.
6:55 of 3rd period - Snap shot by Antoine Roussel.
6:55 of 3rd period - Stopped by Sergei Bobrovsky with a rebound.
7:01 of 3rd period - Eric Gryba is hit by Rick Nash and loses puck.
7:14 of 3rd period - Slapshot by Ryan O'Reilly.
7:14 of 3rd period - Stopped by Jimmy Howard with a rebound.
7:16 of 3rd period - Snap shot by Eric Gryba.
7:16 of 3rd period - Shot Blocked by Rick Nash.
7:18 of 3rd period - Wrist shot by Eric Gryba.
7:18 of 3rd period - Deflect By Dustin Brown.
7:18 of 3rd period - Stopped by Jimmy Howard without a rebound.
7:19 of 3rd period - Steven Stamkos wins face-off versus Tyler Johnson in Blackhawks zone.
8:39 of 3rd period - Off-side.
8:40 of 3rd period - Derick Brassard wins face-off versus Ryan O'Reilly in neutral zone.
9:33 of 3rd period - Snap shot by Zac Rinaldo.
9:33 of 3rd period - Stopped by Sergei Bobrovsky with a rebound.
9:35 of 3rd period - Snap shot by Mike Green.
9:35 of 3rd period - Stopped by Sergei Bobrovsky without a rebound.
9:36 of 3rd period - Ryan O'Reilly wins face-off versus Carl Hagelin in Penguins zone.
9:47 of 3rd period - Wrist shot by Daniel Cleary.
9:47 of 3rd period - Stopped by Sergei Bobrovsky with a rebound.
9:49 of 3rd period - Snap shot by Carl Hagelin.
9:49 of 3rd period - Deflect By Zac Rinaldo.
9:49 of 3rd period - Shot Misses the Net.
9:49 of 3rd period - Puck is out of play.
9:50 of 3rd period - Antoine Roussel wins face-off versus Steven Stamkos in Penguins zone.
10:24 of 3rd period - Slapshot by Dustin Brown.
10:24 of 3rd period - Deflect By Tyler Johnson.
10:24 of 3rd period - Stopped by Jimmy Howard without a rebound.
10:25 of 3rd period - Tyler Johnson wins face-off versus Steven Stamkos in Blackhawks zone.
11:41 of 3rd period - Off-side.
11:42 of 3rd period - Logan Couture wins face-off versus Tyler Johnson in neutral zone.
11:49 of 3rd period - Slapshot by Keith Aulie.
11:49 of 3rd period - Deflect By Tyler Johnson.
11:49 of 3rd period - Stopped by Jimmy Howard without a rebound.
11:50 of 3rd period - Steven Stamkos wins face-off versus Tyler Johnson in Blackhawks zone.
11:51 of 3rd period - Snap shot by Andrew Cogliano.
11:51 of 3rd period - Shot Misses the Net.
11:53 of 3rd period - Wrist shot by T.J. Oshie.
11:53 of 3rd period - Shot Misses the Net.
12:05 of 3rd period - Backhand shot by Steven Stamkos.
12:05 of 3rd period - Deflect By T.J. Oshie.
12:05 of 3rd period - Shot Misses the Net.
12:05 of 3rd period - Puck is out of play.
12:06 of 3rd period - Ryan O'Reilly wins face-off versus Peter Regin in Blackhawks zone.
12:07 of 3rd period - Snap shot by Dustin Brown.
12:07 of 3rd period - Shot Blocked by Tomas Fleischmann.
12:14 of 3rd period - Icing by Peter Regin.
12:15 of 3rd period - Ryan O'Reilly wins face-off versus Tomas Fleischmann in Blackhawks zone.
12:18 of 3rd period - Snap shot by Patrick Marleau.
12:18 of 3rd period - Shot Blocked by Joni Pitkanen.
12:40 of 3rd period - Wrist shot by Cam Janssen.
12:40 of 3rd period - Stopped by Sergei Bobrovsky with a rebound.
12:42 of 3rd period - Wrist shot by Tomas Fleischmann.
12:42 of 3rd period - Stopped by Sergei Bobrovsky with a rebound.
12:44 of 3rd period - Slapshot by Peter Regin.
12:44 of 3rd period - Shot Blocked by Sean Zimmerman.
12:58 of 3rd period - Backhand shot by Dustin Brown.
12:58 of 3rd period - Shot Blocked by Tomas Fleischmann.
12:58 of 3rd period - Tomas Fleischmann from Blackhawks is injured at 12:58 of 3rd period (Sprained Left Ankle).
12:59 of 3rd period - Derick Brassard wins face-off versus Steven Stamkos in Blackhawks zone.
13:09 of 3rd period - Wrist shot by Andrew Cogliano.
13:09 of 3rd period - Stopped by Jimmy Howard with a rebound.
13:25 of 3rd period - Antoine Roussel is hit by Sean Zimmerman and loses puck.
13:54 of 3rd period - Snap shot by Marcus Foligno.
13:54 of 3rd period - Shot Misses the Net.
13:56 of 3rd period - Slapshot by Christian Ehrhoff.
13:56 of 3rd period - Stopped by Jimmy Howard with a rebound.
13:58 of 3rd period - Snap shot by Riley Sheahan.
13:58 of 3rd period - Goal by Riley Sheahan - Penguins : 2 - Blackhawks : 1.
13:59 of 3rd period - Steven Stamkos wins face-off versus Chris Kreider in neutral zone.
14:14 of 3rd period - Andrew Cogliano is hit by Dalton Prout and loses puck.
14:46 of 3rd period - Snap shot by Dustin Brown.
14:46 of 3rd period - Stopped by Jimmy Howard without a rebound.
14:47 of 3rd period - Ryan O'Reilly wins face-off versus Derick Brassard in Blackhawks zone.
15:00 of 3rd period - Snap shot by Derick Brassard.
15:00 of 3rd period - Shot Misses the Net.
15:16 of 3rd period - Snap shot by Dustin Brown.
15:16 of 3rd period - Shot Misses the Net.
15:18 of 3rd period - Snap shot by Ryan O'Reilly.
15:18 of 3rd period - Shot Misses the Net.
15:20 of 3rd period - Slapshot by Christian Ehrhoff.
15:20 of 3rd period - Deflect By Dustin Brown.
15:20 of 3rd period - Stopped by Jimmy Howard without a rebound.
15:21 of 3rd period - Logan Couture wins face-off versus Peter Regin in Blackhawks zone.
15:36 of 3rd period - Snap shot by D.J King.
15:36 of 3rd period - Shot Misses the Net.
16:07 of 3rd period - Minor Penalty to Keith Aulie for Slashing.
16:08 of 3rd period - Steven Stamkos wins face-off versus Derick Brassard in Penguins zone.
16:30 of 3rd period - Eric Gryba is hit by Mike Green and loses puck.
18:07 of 3rd period - Penalty to Keith Aulie is over, Keith Aulie is back on ice.
18:15 of 3rd period - Peter Regin is hit by Marcus Foligno and loses puck.
18:25 of 3rd period - Icing by Kevin Marshall.
18:26 of 3rd period - Ryan O'Reilly wins face-off versus Peter Regin in Blackhawks zone.
18:45 of 3rd period - Blackhawks, Jimmy Howard is pulled from the net.
18:55 of 3rd period - Backhand shot by Peter Regin.
18:55 of 3rd period - Deflect By Carl Hagelin.
18:55 of 3rd period - Stopped by Sergei Bobrovsky without a rebound.
18:56 of 3rd period - Bruce Boudreau call a timeout for Blackhawks.
18:56 of 3rd period - Derick Brassard wins face-off versus Logan Couture in Penguins zone.
19:37 of 3rd period - Snap shot by Derick Brassard.
19:37 of 3rd period - Shot Blocked by Sean Zimmerman.
19:39 of 3rd period - Snap shot by Derick Brassard.
19:39 of 3rd period - Deflect By Antoine Roussel.
19:39 of 3rd period - Deflect By Andrew Cogliano.
19:39 of 3rd period - Stopped by Sergei Bobrovsky without a rebound.
19:40 of 3rd period - Logan Couture wins face-off versus Derick Brassard in Penguins zone.
Goals for this period are 2 for Penguins vs 0 for Blackhawks.
Shots for this period are 11 for Penguins vs 11 for Blackhawks.